ITL
LOUISVILLE BATS @ DETROIT X-WINGS
05/10/2028
 
TOP OF THE 1ST
Louisville Bats batting - Pitching for Detroit X-Wings : RHP Dylan Versluis
Pitching: RHP Dylan Versluis
Batting: RHB John Denton 0-0: Called Strike
0-1: Called Strike
0-2: Fly out, F6 (Popup, 6D)
Batting: RHB Juan Costello 0-0: Called Strike
0-1: Ball
1-1: Ball
2-1: Ball
3-1: Base on Balls
Batting: RHB Jesús Cabrera 0-0: Called Strike
Juan Costello steals 2nd base
0-1: Ball
1-1: SINGLE (Groundball, 6MD)
Juan Costello to third
Runner from 3rd tries for Home, SAFE, no throw
Batting: RHB Eric Thompson 0-0: Called Strike
Jesús Cabrera steals 2nd base
0-1: Foul Ball, location: 2F
0-2: Ball
1-2: Foul Ball, location: 2F
1-2: SINGLE (Groundball, 6MD)
Jesús Cabrera to third
Runner from 3rd tries for Home, throw and OUT!
Eric Thompson to second
Batting: RHB Dick Slagboom 0-0: Called Strike
0-1: Foul Ball, location: 2F
0-2: Ball
1-2: Foul Ball, location: 2F
1-2: Ground out 6-3 (Groundball, 56)
Top of the 1st over - 1 run(s), 2 hit(s), 0 error(s), 1 left on base; Louisville 1 - Detroit 0
BOTTOM OF THE 1ST
Detroit X-Wings batting - Pitching for Louisville Bats : RHP António Benítez
Pitching: RHP António Benítez
Batting: LHB Sergio Luna 0-0: Ball
1-0: Called Strike
1-1: Ground out 5-3 (Groundball, 56)
Batting: LHB Chris Loudermilk 0-0: Ball
1-0: SINGLE (Groundball, 34D)
Batting: LHB Juan Colón 0-0: Called Strike
0-1: Called Strike
0-2: Ball
Passed Ball!
Chris Loudermilk to second
1-2: Foul Ball, location: 2F
1-2: Fly out, F8 (Flyball, 8LM)
Batting: RHB Keith Sims 0-0: Ground out 5-3 (Groundball, 56)
Bottom of the 1st over - 0 run(s), 1 hit(s), 0 error(s), 1 left on base; Louisville 1 - Detroit 0
TOP OF THE 2ND
Louisville Bats batting - Pitching for Detroit X-Wings : RHP Dylan Versluis
Batting: SHB Ricardo Arévalo 0-0: Ball
1-0: Ball
2-0: Swinging Strike
2-1: SOLO HOME RUN (Flyball, 9LD), Distance : 367 ft
Batting: LHB John Latham 0-0: Ball
1-0: Ball
2-0: Swinging Strike
2-1: Foul Ball, location: 2F
2-2: Ball
3-2: SOLO HOME RUN (Flyball, 9D), Distance : 390 ft
Batting: LHB Ramón Morales 0-0: Ball
1-0: Ground out 6-3 (Groundball, 6)
Batting: RHB Shawn Marshall 0-0: Foul Ball, location: 2F
0-1: Foul Ball, location: 2F
0-2: Foul Ball, location: 2F
0-2: Fly out, F9 (Flyball, 9LM)
Batting: RHB John Denton 0-0: Ball
1-0: Swinging Strike
1-1: Ball
2-1: Ball
3-1: Fly out, F9 (Flyball, 9D)
Top of the 2nd over - 2 run(s), 2 hit(s), 0 error(s), 0 left on base; Louisville 3 - Detroit 0
BOTTOM OF THE 2ND
Detroit X-Wings batting - Pitching for Louisville Bats : RHP António Benítez
Batting: RHB John Moore 0-0: Called Strike
0-1: Foul Ball, location: 2F
0-2: Strikes out swinging
Batting: RHB Júlio López 0-0: Ground out 6-3 (Groundball, 6)
Batting: RHB Jaime Contreras 0-0: Ground out 5-3 (Groundball, 56S)
Bottom of the 2nd over - 0 run(s), 0 hit(s), 0 error(s), 0 left on base; Louisville 3 - Detroit 0
TOP OF THE 3RD
Louisville Bats batting - Pitching for Detroit X-Wings : RHP Dylan Versluis
Batting: RHB Juan Costello 0-0: Ball
1-0: Called Strike
1-1: Fly out, F7 (Flyball, 78D)
Batting: RHB Jesús Cabrera 0-0: Ball
1-0: Called Strike
1-1: Foul Ball, location: 2F
1-2: Ball
2-2: Ball
3-2: Base on Balls
Batting: RHB Eric Thompson 0-0: Ball
1-0: Swinging Strike
1-1: Foul Ball, location: 2F
1-2: Ball
2-2: Ball
3-2: Strikes out swinging
Batting: RHB Dick Slagboom 0-0: Called Strike
0-1: Ball
1-1: Ball
2-1: Ball
3-1: Base on Balls
Jesús Cabrera to second
Batting: SHB Ricardo Arévalo 0-0: Called Strike
0-1: Ball
1-1: Ball
2-1: Fielders Choice at 2nd, 6-4 (Groundball, 6)
Top of the 3rd over - 0 run(s), 0 hit(s), 0 error(s), 1 left on base; Louisville 3 - Detroit 0
BOTTOM OF THE 3RD
Detroit X-Wings batting - Pitching for Louisville Bats : RHP António Benítez
Batting: RHB Vincente Encarnación 0-0: Called Strike
0-1: Ball
1-1: Ball
2-1: Ground out U3 (Groundball, 3)
Batting: RHB Carlos Aguirre 0-0: Ball
1-0: Fly out, F9 (Flyball, 9)
Batting: LHB Sergio Luna 0-0: Called Strike
0-1: Ball
1-1: DOUBLE (Flyball, 8LXD)
Batting: LHB Chris Loudermilk 0-0: Called Strike
0-1: Ball
1-1: SINGLE (Groundball, 6D)
Sergio Luna to third
Runner from 3rd tries for Home, SAFE, no throw
Batting: LHB Juan Colón 0-0: Ball
1-0: Ball
2-0: DOUBLE (Line Drive, 78S)
Chris Loudermilk to third
Runner from 3rd tries for Home, SAFE, no throw
Batting: RHB Keith Sims 0-0: Called Strike
0-1: Ball
1-1: Ball
2-1: Foul Ball, location: 2F
2-2: Ball
3-2: SINGLE (Line Drive, 4MD)
Juan Colón to third
Juan Colón scores
Batting: RHB John Moore 0-0: Ball
1-0: Ball
2-0: Foul Ball, location: 2F
2-1: Foul Ball, location: 2F
2-2: Foul Ball, location: 2F
2-2: SINGLE (Line Drive, 34)
Keith Sims to second
Runner from 2nd tries for 3rd, OUT!
Bottom of the 3rd over - 3 run(s), 5 hit(s), 0 error(s), 1 left on base; Louisville 3 - Detroit 3
TOP OF THE 4TH
Louisville Bats batting - Pitching for Detroit X-Wings : RHP Dylan Versluis
Batting: LHB John Latham 0-0: Called Strike
0-1: Ground out 4-3 (Groundball, 4S)
Batting: LHB Ramón Morales 0-0: Ball
1-0: Ball
2-0: Called Strike
2-1: Foul Ball, location: 2F
2-2: Ball
3-2: SINGLE (Groundball, 56S) (infield hit)
Batting: RHB Shawn Marshall 0-0: Called Strike
0-1: Ball
Throwing error on steal attempt, E2
Ramón Morales to third
1-1: Called Strike
1-2: Ball
2-2: Ball
3-2: 2-RUN HOME RUN (Flyball, 9D), Distance : 379 ft
Batting: RHB John Denton 0-0: Swinging Strike
0-1: Swinging Strike
0-2: Ball
1-2: Ball
2-2: Ground out 5-3 (Groundball, 56S)
Batting: RHB Juan Costello 0-0: Swinging Strike
0-1: Foul Ball, location: 2F
0-2: Foul Ball, location: 2F
0-2: Foul Ball, location: 2F
0-2: Ball
1-2: Ball
2-2: Foul Ball, location: 2F
2-2: Ball
3-2: Foul Ball, location: 2F
3-2: Foul Ball, location: 2F
3-2: Ground out 6-3 (Groundball, 6)
Top of the 4th over - 2 run(s), 2 hit(s), 1 error(s), 0 left on base; Louisville 5 - Detroit 3
BOTTOM OF THE 4TH
Detroit X-Wings batting - Pitching for Louisville Bats : RHP António Benítez
Batting: RHB Júlio López 0-0: Called Strike
0-1: SINGLE (Groundball, 6MD)
Batting: RHB Jaime Contreras 0-0: SINGLE (Line Drive, 6MD)
Júlio López to second
Batting: RHB Vincente Encarnación 0-0: Called Strike
0-1: Ball
1-1: Ball
2-1: Foul Ball, location: 2F
2-2: Ball
3-2: Strikes out swinging
Batting: RHB Carlos Aguirre 0-0: Called Strike
0-1: Ball
1-1: Foul Ball, location: 2F
1-2: Strikes out swinging
Batting: LHB Sergio Luna 0-0: Ball
1-0: Ball
2-0: Ball
3-0: Base on Balls
Júlio López to third
Jaime Contreras to second
Batting: LHB Chris Loudermilk 0-0: Ball
1-0: Ground out 4-3 (Groundball, 4M)
Bottom of the 4th over - 0 run(s), 2 hit(s), 0 error(s), 3 left on base; Louisville 5 - Detroit 3
TOP OF THE 5TH
Louisville Bats batting - Pitching for Detroit X-Wings : RHP Dylan Versluis
Batting: RHB Jesús Cabrera 0-0: Swinging Strike
0-1: Ball
1-1: Hit by Pitch
Pitching: LHP Javier Duarte
Batting: RHB Eric Thompson 0-0: Called Strike
0-1: Grounds into double play, 6-4-3 (Groundball, 6)
Batting: RHB Dick Slagboom 0-0: Ball
1-0: Fly out, F8 (Flyball, 8RM)
Top of the 5th over - 0 run(s), 0 hit(s), 0 error(s), 0 left on base; Louisville 5 - Detroit 3
BOTTOM OF THE 5TH
Detroit X-Wings batting - Pitching for Louisville Bats : RHP António Benítez
Batting: LHB Juan Colón 0-0: Ball
1-0: Ball
2-0: Ball
3-0: Called Strike
3-1: Base on Balls
Batting: RHB Keith Sims 0-0: Ball
1-0: Ball
Wild Pitch!
Juan Colón to second
2-0: Fly out, F7 (Flyball, 78S)
Batting: RHB John Moore 0-0: SINGLE (Groundball, 56D)
Juan Colón to third
Runner from 3rd tries for Home, SAFE, throw made home
Batting: RHB Júlio López 0-0: DOUBLE (Line Drive, 89S)
John Moore to third
Runner from 3rd tries for Home, SAFE, throw made at trailing runner, OUT at third!
Pitching: RHP Arthur Green
Batting: RHB Jaime Contreras 0-0: Ball
1-0: Ball
2-0: Ball
3-0: Called Strike
3-1: Foul Ball, location: 2F
3-2: Fly out, F4 (Line Drive, 4)
Bottom of the 5th over - 2 run(s), 2 hit(s), 0 error(s), 0 left on base; Louisville 5 - Detroit 5
TOP OF THE 6TH
Louisville Bats batting - Pitching for Detroit X-Wings : LHP Javier Duarte
Batting: SHB Ricardo Arévalo 0-0: Ball
1-0: Ball
2-0: Called Strike
2-1: Ball
3-1: Foul Ball, location: 2F
3-2: Foul Ball, location: 2F
3-2: Foul Ball, location: 2F
3-2: Foul Ball, location: 2F
3-2: Base on Balls
Batting: LHB John Latham 0-0: Foul Ball, location: 2F
0-1: Ball
1-1: Foul Ball, location: 2F
1-2: Ball
2-2: Ball
3-2: Strikes out swinging
Batting: LHB Ramón Morales 0-0: Foul Ball, location: 2F
0-1: Called Strike
0-2: Strikes out swinging
Batting: RHB Shawn Marshall 0-0: Called Strike
0-1: Foul Ball, location: 2F
0-2: Fly out, F6 (Line Drive, 6)
Top of the 6th over - 0 run(s), 0 hit(s), 0 error(s), 1 left on base; Louisville 5 - Detroit 5
BOTTOM OF THE 6TH
Detroit X-Wings batting - Pitching for Louisville Bats : RHP Arthur Green
Batting: RHB Vincente Encarnación 0-0: Swinging Strike
0-1: Foul Ball, location: 2F
0-2: Foul Ball, location: 2F
0-2: Ball
1-2: Strikes out swinging
Batting: RHB Carlos Aguirre 0-0: Called Strike
0-1: Foul Ball, location: 2F
0-2: Strikes out looking
Batting: LHB Sergio Luna 0-0: Ball
1-0: Called Strike
1-1: Swinging Strike
1-2: Foul Ball, location: 2F
1-2: Foul Ball, location: 2F
1-2: Ball
2-2: Strikes out swinging
Bottom of the 6th over - 0 run(s), 0 hit(s), 0 error(s), 0 left on base; Louisville 5 - Detroit 5
TOP OF THE 7TH
Louisville Bats batting - Pitching for Detroit X-Wings : LHP Javier Duarte
Pitching: LHP Richard Dorris
Batting: RHB John Denton 0-0: Ball
1-0: Fly out, F4 (Popup, 34D)
Batting: RHB Juan Costello 0-0: Swinging Strike
0-1: Swinging Strike
0-2: Strikes out swinging
Batting: RHB Jesús Cabrera 0-0: Foul Ball, location: 2F
0-1: Ball
1-1: Ball
2-1: Ball
3-1: Swinging Strike
3-2: Fly out, F8 (Line Drive, 78M)
Top of the 7th over - 0 run(s), 0 hit(s), 0 error(s), 0 left on base; Louisville 5 - Detroit 5
BOTTOM OF THE 7TH
Detroit X-Wings batting - Pitching for Louisville Bats : RHP Arthur Green
Batting: LHB Chris Loudermilk 0-0: Ball
1-0: Ground out 6-3 (Groundball, 6)
Batting: LHB Juan Colón 0-0: Foul Ball, location: 2F
0-1: SOLO HOME RUN (Flyball, 78XD), Distance : 411 ft
Batting: RHB Keith Sims 0-0: Ball
1-0: Called Strike
1-1: Fly out, F7 (Flyball, 78M)
Batting: RHB John Moore 0-0: Ball
1-0: Foul Ball, location: 2F
1-1: Reached on error, E6 (Groundball, 6)
Pinch Hitting: LHB Juan Jose Pineda 0-0: Ball
1-0: Ball
2-0: Foul Ball, location: 2F
2-1: Ball
3-1: Foul Ball, location: 2F
3-2: Base on Balls
Pinch Hitting: LHB Paul Alston 0-0: Foul Ball, location: 2F
0-1: Fly out, F8 (Flyball, 8RD)
Bottom of the 7th over - 1 run(s), 1 hit(s), 1 error(s), 2 left on base; Louisville 5 - Detroit 6
TOP OF THE 8TH
Louisville Bats batting - Pitching for Detroit X-Wings : LHP Richard Dorris
Pitching: RHP Gerardo García
Now at 3B: Albert Chávez
Now in LF: Merlin Morris
Batting: RHB Eric Thompson 0-0: Ball
1-0: Foul Ball, location: 2F
1-1: Called Strike
1-2: Ball
2-2: Strikes out swinging
Batting: RHB Dick Slagboom 0-0: Ball
1-0: Swinging Strike
1-1: Foul Ball, location: 2F
1-2: Ball
2-2: Ball
3-2: DOUBLE (Line Drive, 7LM)
Batting: SHB Ricardo Arévalo 0-0: Ball
1-0: Ball
2-0: Ball
3-0: Base on Balls
Pinch Hitting: LHB Alex Henderson 0-0: Called Strike
0-1: Fly out, F8 (Flyball, 8RXD)
Runner from 2nd tags up, SAFE at 3rd, no throw
Batting: LHB Ramón Morales 0-0: Called Strike
0-1: Called Strike
0-2: Ball
1-2: Foul Ball, location: 2F
1-2: Strikes out swinging
Top of the 8th over - 0 run(s), 1 hit(s), 0 error(s), 2 left on base; Louisville 5 - Detroit 6
BOTTOM OF THE 8TH
Detroit X-Wings batting - Pitching for Louisville Bats : RHP Arthur Green
Pitching: RHP Vaughn Stanley
Now at 3B: Alex Henderson
Batting: RHB Vincente Encarnación 0-0: Called Strike
0-1: Ball
1-1: Ball
2-1: Foul Ball, location: 2F
2-2: Strikes out looking
Batting: RHB Carlos Aguirre 0-0: Called Strike
0-1: Ball
1-1: Ball
2-1: Ball
3-1: Called Strike
3-2: Base on Balls
Batting: LHB Sergio Luna 0-0: Fly out, F6 (Line Drive, 6M)
Batting: LHB Chris Loudermilk 0-0: SINGLE (Line Drive, 4D)
Carlos Aguirre to second
Batting: LHB Juan Colón 0-0: Swinging Strike
0-1: 3-RUN HOME RUN (Flyball, 9D), Distance : 390 ft
Pitching: RHP John Thompson
Batting: RHB Keith Sims 0-0: Swinging Strike
0-1: Ball
1-1: Called Strike
1-2: Foul Ball, location: 2F
1-2: Ball
2-2: Foul Ball, location: 2F
2-2: Ball
3-2: SINGLE (Flyball, 9LS)
Batting: RHB John Moore 0-0: Ball
Pickoff Throw to First - Out!
Bottom of the 8th over - 3 run(s), 3 hit(s), 0 error(s), 0 left on base; Louisville 5 - Detroit 9
TOP OF THE 9TH
Louisville Bats batting - Pitching for Detroit X-Wings : RHP Gerardo García
Batting: RHB Shawn Marshall 0-0: Called Strike
0-1: Swinging Strike
0-2: Ball
1-2: Ball
2-2: Ball
3-2: Strikes out swinging
Batting: RHB John Denton 0-0: Ball
1-0: Foul Ball, location: 2F
1-1: Ball
2-1: Foul Ball, location: 2F
2-2: Ball
3-2: Ground out 4-3 (Groundball, 4)
Batting: RHB Juan Costello 0-0: Called Strike
0-1: Ball
1-1: Swinging Strike
1-2: Ball
2-2: Strikes out looking
Top of the 9th over - 0 run(s), 0 hit(s), 0 error(s), 0 left on base; Louisville 5 - Detroit 9
Tuesday, August 8th, 2017 - OOTP Baseball 17.12 Build 75